 Dungeon Crawl Stone Soup version 0.16.1-4-g8e1b745 (webtiles) character file.

1386 abixa the Carver (level 9, 0/61 HPs)
             Began as a Human Warper on Mar 27, 2015.
             Was a Follower of Ru.
             Slain by Prince Ribbit (16 damage)
             ... on level 5 of the Dungeon.
             The game lasted 00:40:22 (9065 turns).

abixa the Carver (Human Warper)                     Turns: 9065, Time: 00:40:23

Health: 0/61       AC:  6    Str: 12    XL:     9   Next: 0%
Magic:  14/14      EV: 11    Int: 14    God:    Ru [*.....]
Gold:   257        SH:  0    Dex: 15    Spells: 3 memorised, 7 levels left

rFire  . . .     SeeInvis .     a - -1 long sword "Pruulluze" {slice, rElec}
rCold  . . .     Clarity  .     m - +0 ring mail
rNeg   . . .     SustAb   .     (no shield)
rPois  .         Gourm    .     (no helmet)
rElec  +         Spirit   .     (no cloak)
rCorr  +         Warding  .     i - +0 pair of gloves
rMut   .         Stasis   .     (no boots)
MR     .....                    j - amulet of resist corrosion
Stlth  +.........               (no ring)
                                (no ring)

@: not resistant to hostile enchantments, very unstealthy
A: no fire magic, no summoning magic, no transmutations magic
a: Renounce Religion


You were on level 5 of the Dungeon.
You worshipped Ru.
Ru was aware of your devotion.
You were not hungry.

You visited 1 branch of the dungeon, and saw 6 of its levels.

You collected 257 gold pieces.

Inventory:

Hand weapons
 a - the -1 long sword "Pruulluze" (weapon) {slice, rElec}
   (You took it off an orc on level 4 of the Dungeon)

   It inflicts extra damage upon your enemies.
   It insulates you from electricity.
 b - a +0 blowgun
 v - a +0 hunting sling
 w - a +2 dagger of draining
 y - a +2 dagger of draining
 A - a +0 halberd
Missiles
 e - 5 tomahawks of dispersal
 h - 150 stones (quivered)
 p - 28 poisoned needles
 I - 4 tomahawks of returning
Armour
 i - a +0 pair of gloves (worn)
 m - a +0 ring mail (worn)
Jewellery
 j - an amulet of resist corrosion (around neck)
 z - an uncursed amulet of faith {unknown}
 M - an uncursed ring of see invisible {unknown}
Magical devices
 q - a wand of slowing (10)
Scrolls
 d - 4 scrolls of blinking
 g - a scroll of fear {unknown}
 l - 6 scrolls of identify {unknown}
 n - 3 scrolls of remove curse
 r - a scroll of random uselessness {unknown}
 s - a scroll of enchant weapon {unknown}
 t - 4 scrolls of teleportation {unknown}
 x - 2 scrolls of amnesia {unknown}
 C - a scroll of recharging {unknown}
Potions
 k - 2 potions of heal wounds {unknown}
 u - a potion of might {unknown}
 B - a potion of degeneration {unknown}
 D - a potion of beneficial mutation {unknown}
 E - a potion of curing {unknown}
 G - a potion of mutation {unknown}
 H - a potion of cure mutation {unknown}
 L - a potion of restore abilities {unknown}
Books
 c - a book of Spatial Translocations

   Spells                             Type                      Level
   a - Apportation                    Translocation                1
   b - Blink                          Translocation                2
   c - Shroud of Golubria             Charms/Translocation         2
   d - Portal Projectile              Translocation                3
   e - Teleport Other                 Translocation                3
   f - Passage of Golubria            Translocation                4
 F - a book of Maledictions

   Spells                             Type                      Level
   a - Corona                         Hexes                        1
   b - Sure Blade                     Hexes/Charms                 2
   c - Ensorcelled Hibernation        Hexes/Ice                    2
   d - Confuse                        Hexes                        3
   e - Dazzling Spray                 Conjuration/Hexes            3
   f - Enslavement                    Hexes                        4
Comestibles
 f - 4 bread rations
 o - a royal jelly
 J - 2 slices of pizza
 K - a meat ration
 N - a chunk of flesh


   Skills:
 - Level 2.0 Fighting
 + Level 8.8 Long Blades
 - Level 1.0 Throwing
 - Level 1.0 Armour
 - Level 2.0 Dodging
 - Level 2.0 Spellcasting
 - Level 4.0 Charms
 - Level 5.0 Translocations


You had 7 spell levels left.
You knew the following spells:

 Your Spells              Type           Power        Failure   Level  Hunger
a - Apportation           Tloc           ###.......   10%         1    ##.....
b - Blink                 Tloc           N/A          12%         2    ###....
c - Shroud of Golubria    Chrm/Tloc      ##........   14%         2    ###....


Dungeon Overview and Level Annotations

Branches:
Dungeon (6/15)             Temple (0/1) D:6

Altars:
Ashenzari
Ru

Annotations:
D:4 Grinder
D:5 !rc++ for loot, Menkaure, Prince Ribbit
D:6 Blork the orc


Innate Abilities, Weirdness & Mutations

You cannot study or cast Fire magic.
You cannot study or cast Summoning magic.
You cannot study or cast Transmutations magic.


Message History

Prince Ribbit completely misses you.
Prince Ribbit blinks!
Prince Ribbit blinks!
Menkaure shouts!
Menkaure gestures at you while chanting.
Pain shoots through your body! Menkaure casts a spell at you.
Pain shoots through your body!
Menkaure calls on the powers of darkness!
Prince Ribbit convulses!
Your body is wracked with pain!
Prince Ribbit blinks!
Menkaure begins to cast a spell, but is stunned by your will!
Prince Ribbit blinks!
Prince Ribbit lets out a mournful croak.
Prince Ribbit hits you! Prince Ribbit hits you.
* * * LOW HITPOINT WARNING * * *
There is a stone staircase leading up here.
Prince Ribbit hits you!
You die...

#........####...#M....#######
###.###..............######..
#(#....####................
#(#...................##...
#......###.........##......
#......#...........####....
##.#.####.#..............)..
##....##...F.##.....####.....
####....#...##@##..#####
##.... ##......#..[..#.##.##
#.... ##..................#
##... #................####
##.. #................# ###
#................#
#....)...........#
#................#
#..).............#


You could see Prince Ribbit.

Vanquished Creatures
  Eustachio (D:4)
  2 phantoms
  A sky beast (D:6)
  An ogre (D:5)
  2 giant frogs (D:6)
  A gnoll sergeant (D:4)
  A crimson imp (D:5)
  A jelly (D:3)
  2 hounds
  The ghost of giann the Sneak, a weakling SpEn (D:3)
  An orc wizard (D:4)
  6 worker ants
  An iguana (D:5)
  A killer bee zombie (D:5)
  Ijyb (D:4)
  A hound zombie (D:5)
  10 gnolls
  8 adders
  2 shadow imps (D:5)
  A worm (D:4)
  2 adder skeletons
  4 giant geckos
  An ooze (D:5)
  6 orcs
  4 giant cockroaches
  16 hobgoblins
  4 jackals
  12 kobolds
  2 ball pythons
  10 bats
  8 giant newts
  14 goblins
  8 quokkas
  7 rats
143 creatures vanquished.

Notes
Turn   | Place    | Note
--------------------------------------------------------------
     0 | D:1      | abixa, the Human Warper, began the quest for the Orb.
     0 | D:1      | Reached XP level 1. HP: 16/16 MP: 3/3
   217 | D:1      | Reached XP level 2. HP: 12/22 MP: 4/4
   321 | D:1      | Learned a level 2 spell: Blink
   731 | D:1      | Reached XP level 3. HP: 23/27 MP: 6/6
  1599 | D:2      | Reached XP level 4. HP: 33/33 MP: 7/7
  1960 | D:3      | Reached skill level 4 in Translocations
  2090 | D:3      | Noticed giann's ghost (weakling SpEn)
  2125 | D:3      | Killed giann's ghost
  2125 | D:3      | Reached XP level 5. HP: 31/38 MP: 9/9
  2602 | D:4      | Noticed Ijyb
  2619 | D:4      | Killed Ijyb
  2694 | D:4      | Reached XP level 6. HP: 17/44 MP: 10/10
  2872 | D:4      | Learned a level 2 spell: Shroud of Golubria
  2883 | D:4      | Noticed Eustachio
  2994 | D:4      | Reached skill level 1 in Charms
  3606 | D:4      | Got a fine long sword
  3608 | D:4      | Identified the cursed -1 long sword "Pruulluze" {slice, rElec} (You took it off an orc on level 4 of the Dungeon)
  3625 | D:4      | Noticed Grinder
  3650 | D:5      | Entered Level 5 of the Dungeon
  3847 | D:5      | Reached skill level 5 in Long Blades
  3935 | D:5      | Reached XP level 7. HP: 43/50 MP: 12/12
  4525 | D:4      | Paralysed by Grinder for 4 turns
  4640 | D:4      | Found a sacrificial altar of Ru.
  5392 | D:4      | Became a worshipper of Ru the Awakened
  5455 | D:4      | Reached skill level 6 in Long Blades
  6307 | D:5      | Reached XP level 8. HP: 56/56 MP: 13/13
  6462 | D:5      | Noticed Menkaure
  6619 | D:4      | Reached skill level 5 in Translocations
  6739 | D:4      | Paralysed by Grinder for 4 turns
  6947 | D:4      | Found a shattered altar of Ashenzari.
  7064 | D:4      | Killed Eustachio
  7064 | D:4      | Reached skill level 7 in Long Blades
  7565 | D:6      | Reached skill level 8 in Long Blades
  8055 | D:6      | Found a staircase to the Ecumenical Temple.
  8117 | D:6      | Noticed Prince Ribbit
  8119 | D:6      | Noticed Blork the orc
  8163 | D:5      | Gained mutation: You cannot study or cast Fire magic. [Ru sacrifice]
  8163 | D:5      | Gained mutation: You cannot study or cast Transmutations magic. [Ru sacrifice]
  8163 | D:5      | Gained mutation: You cannot study or cast Summoning magic. [Ru sacrifice]
  8163 | D:5      | Acquired Ru's first power
  9013 | D:4      | Reached XP level 9. HP: 59/61 MP: 14/14
  9065 | D:5      | Slain by Prince Ribbit

Action                   |  1- 3 |  4- 6 |  7- 9 || total
-------------------------+-------+-------+-------++-------
Melee: Falchion          |    99 |   227 |       ||   326
       Long sword        |       |    42 |   366 ||   408
 Fire: Blowgun           |       |       |    34 ||    34
Throw: Stone             |       |    24 |    35 ||    59
       Tomahawk          |       |       |     9 ||     9
 Cast: Blink             |       |       |    15 ||    15
       Shroud of Golubri |       |       |     3 ||     3
Invok: Sacrifice Arcana  |       |       |     1 ||     1
Evoke: Wand              |       |       |     1 ||     1
  Use: Scroll            |       |       |     1 ||     1
 Stab: Distracted        |       |       |     1 ||     1
  Eat: Chunk             |     2 |     6 |    16 ||    24
       Fruit             |       |     2 |       ||     2
       Pizza             |       |       |     1 ||     1
       Beef jerky        |       |       |     1 ||     1
